 Dungeon Crawl Stone Soup version 0.30-a0-737-gf23d94013f (webtiles) character file.

Game seed: 16358319745620706534

137 Essalna the Firebug (level 5, 0/39 HPs)
             Began as a Demonspawn Fire Elementalist on Feb 2, 2023.
             Slain by a hound (3 damage)
             ... on level 5 of the Dungeon.
             The game lasted 00:06:11 (4248 turns).

Essalna the Firebug (Demonspawn Fire Elementalist)  Turns: 4248, Time: 00:06:11

Health: 0/39       AC:  4    Str:  9    XL:     5   Next: 0%
Magic:  8/8        EV: 12    Int: 18    God:
Gold:   206        SH:  0    Dex: 13    Spells: 5/8 levels left

rFire   . . .      SeeInvis .    i - staff of conjuration
rCold   . . .      Faith    .    (no shield)
rNeg    . . .      Spirit   .    e - +2 robe {Will+}
rPois   .          Reflect  .    (helmet restricted)
rElec   .          Harm     .    j - scarf {repulsion}
rCorr   .          Rampage  .    (no gloves)
Will    +....                    (no boots)
Stlth   ++                       (no amulet)
HPRegen 0.26/turn                (no ring)
MPRegen 0.11/turn                (no ring)

@: repel missiles
A: antennae 1, hooves 1, foul stench 1
a: no special abilities


You were on level 5 of the Dungeon.
You visited 2 branches of the dungeon, and saw 6 of its levels.

You collected 206 gold pieces.

Inventory:

Armour
 a - a +0 robe
 e - a +2 robe of willpower (worn)
 j - a scarf of repulsion (worn)
Magical Staves
 i - a staff of conjuration (weapon)
Jewellery
 o - an amulet of the acrobat
Scrolls
 f - 3 scrolls of identify
Potions
 b - a potion of magic
 c - a potion of degeneration
 g - a potion of heal wounds {unknown}
 h - a potion of mutation {unknown}
 l - 2 potions of curing {unknown}
 m - a potion of brilliance {unknown}
 n - 3 potions of might {unknown}
 p - a potion of haste {unknown}


   Skills:
 + Level 2.5 Fighting
 - Level 1.7 Dodging
 - Level 1.7 Stealth
 - Level 2.0 Spellcasting
 + Level 2.8 Conjurations
 + Level 3.7 Fire Magic


You had 5 spell levels left.
You knew the following spells:

 Your Spells              Type           Power      Damage    Failure   Level
a - Foxfire               Conj/Fire      80%        2x1d8     4%          1
b - Scorch                Fire           30%        2d7       6%          2

Your spell library contained the following spells:

 Spells                   Type           Power      Damage    Failure   Level
 Magic Dart               Conj           72%        1d6       5%          1
 Call Imp                 Summ           1%         N/A       26%         2
 Inner Flame              Hex/Fire       8%         N/A       26%         3
 Kindle Blastsparks       Fire/Tloc/Air  12%        2d11      32%         3
 Mephitic Cloud           Conj/Pois/Air  7%         N/A       36%         3
 Flame Wave               Conj/Fire      20%        2d7       43%         4


Dungeon Overview and Level Annotations

Branches:
Dungeon (5/15)             Temple (1/1) D:4

Altars:
Ashenzari
Cheibriados
Dithmenos
Makhleb
Nemelex Xobeh
Sif Muna
Trog
Vehumet
Wu Jian

Shops:
D:1 ?


Innate Abilities, Weirdness & Mutations

You have a pair of small antennae on your head.
You have large cloven feet.
You may rarely emit foul miasma when damaged in melee.


Message History

There is a stone staircase leading up here.
A phantom comes into view.
The hound barely misses you.
The teleport trap disappears.
The phantom disappears!
The hound barely misses you. The hound misses you.
The hound closely misses you. The hound bites you. The hound bites you.
The hound closely misses you. x2
The hound closely misses you. The hound closely misses you.
The hound bites you. The hound bites you. The hound bites you.
The hound misses you. The hound bites you but does no damage.
The hound bites you but does no damage. The hound bites you.
The hound closely misses you. The hound barely misses you. The hound bites you.
The hound bites you. The hound closely misses you. The hound bites you.
The hound closely misses you. The hound bites you.
The hound closely misses you. The hound barely misses you.
The hound misses you. The hound closely misses you.
The hound closely misses you. The hound barely misses you.
The hound bites you but does no damage. The hound barely misses you.
The hound closely misses you. The hound bites you.
* * * LOW HITPOINT WARNING * * *
The hound completely misses you. The hound closely misses you.
The hound misses you. The hound bites you.
* * * LOW HITPOINT WARNING * * *
The hound bites you but does no damage. The hound bites you.
* * * LOW HITPOINT WARNING * * *
The hound misses you. The hound bites you but does no damage.
The hound barely misses you. The hound barely misses you.
The hound bites you but does no damage. The hound bites you.
* * * LOW HITPOINT WARNING * * *
The hound bites you.
You die...

..# ...# ....#
#...##
##....##
#......#######
#...h.?......
#...@#
#.........#
##..#......#
#.. ###/....#
# ##.....#
##...# ####


You could see a hound.

Vanquished Creatures
  A hound (D:4)
  An iguana (D:4)
  2 adders
  2 worms
  4 dart slugs
  4 endoplasms
  2 giant cockroaches (D:2)
  7 goblins
  3 hobgoblins
  A jackal (D:1)
  3 quokkas
  7 ball pythons
  3 bats
  4 frilled lizards
  2 kobolds
  4 rats
50 creatures vanquished.

Vanquished Creatures (others)
  193 foxfires
  A plant (D:2)
194 creatures vanquished.

Grand Total: 244 creatures vanquished

Notes
Turn   | Place    | Note
-------+----------+-------------------------------------------
     0 | D:1      | Essalna the Demonspawn Fire Elementalist began the quest
                  | for the Orb.
     0 | D:1      | Reached XP level 1. HP: 13/13 MP: 3/3
   266 | D:1      | Found The Oracle's Delphic Readings.
   443 | D:1      | Gained mutation: You may rarely emit foul miasma when
                  | damaged in melee. [demonic ancestry]
   443 | D:1      | Reached XP level 2. HP: 20/20 MP: 0/5
   603 | D:1      | Reached skill level 1 in Fighting
   691 | D:1      | Reached skill level 3 in Fire Magic
  1519 | D:2      | Learned a level 2 spell: Scorch
  1584 | D:2      | Reached XP level 3. HP: 16/26 MP: 6/6
  2822 | D:3      | Found a snail-covered altar of Cheibriados.
  2941 | D:3      | Discovered your monstrous ancestry.
  2941 | D:3      | Gained mutation: You have a pair of small antennae on your
                  | head. [demonic ancestry]
  2941 | D:3      | Reached XP level 4. HP: 33/33 MP: 3/7
  3600 | D:4      | Found a staircase to the Ecumenical Temple.
  3647 | Temple   | Entered the Ecumenical Temple
  3647 | Temple   | Found a transporter.
  3647 | Temple   | Found a transporter.
  3649 | Temple   | Found a transporter.
  3649 | Temple   | Found a transporter.
  3969 | D:4      | Gained mutation: You have large cloven feet. [demonic
                  | ancestry]
  3969 | D:4      | Reached XP level 5. HP: 39/39 MP: 5/8
  4213 | D:5      | Entered Level 5 of the Dungeon
  4214 | D:5      | Noticed a phantom
  4248 | D:5      | Slain by a hound

Illustrated notes

Levels and vault maps discovered:
D:1:      amcnicky_arrival_choice, layout_basic, minmay_hedge_maze,
          nicolae_nh_oracle_at_delphi
D:2:      layout_loops_ring, serial_bayou_lagoon_b
D:3:      layout_basic, kennysheep_slug_shrine
D:4:      layout_cave_pools, minmay_temple_entry_water_ring
D:5:      layout_cave_pods, serial_shops, shop, portal_sewer_entry_b,
          minmay_shop_mayhem, uniq_grinder
Temple:   hellmonk_temple_divided_pantheon

Skill      XL: |  1  2  3 |
---------------+----------+-----
Fighting       | 1 2 |  2.5
Fire Magic     | 3 |  3.7
Conjurations   | 2 |  2.8
Dodging        | |  1.7
Stealth        | |  1.7
Spellcasting   | |  2.0

Action                     |  1- 3 |  4- 6 || total
---------------------------+-------+-------++-------
  Melee: Unarmed           |     5 |       ||     5
         Staff             |    50 |       ||    50
         Punch             |     1 |       ||     1
   Cast: Foxfire           |    84 |    27 ||   111
         Scorch            |     3 |     1 ||     4
    Use: Scroll            |       |     3 ||     3
   Stab: Sleeping          |     4 |       ||     4
 Armour: Robe              |    15 |     6 ||    21
  Dodge: Dodged            |    36 |    28 ||    64
         Repelled          |     1 |       ||     1

Table legend: (Time is in decaauts)
 A = Elapsed time spent in this place.
 B = Non-inter-level travel time spent in this place.
 C = Inter-level travel time spent in this place.
 D = Time resting spent in this place.
 E = Time spent auto-exploring this place.
 F = Levels seen in this place.
 G = Mean time per level.
                   A        B        C        D        E       F      G
               +--------+--------+--------+--------+--------+-----+--------+
         Total |   4278 |   4149 |    129 |      0 |   3702 |   6 |  713.0 |
       Dungeon |   4244 |   4124 |    120 |      0 |   3696 |   5 |  848.8 |
        Temple |     34 |     25 |      9 |      0 |      6 |   1 |   34.0 |
               +--------+--------+--------+--------+--------+-----+--------+

Top non-repeatable levels by time:
     D:1: 1375 daAuts
     D:3: 1035 daAuts
     D:2: 978 daAuts
     D:4: 819 daAuts
     D:5: 34 daAuts
  Temple: 34 daAuts
